[Event "Titled Tuesday Blitz June 20 Late 2023"]
[White "TheKnightOfBosnia"]
[Black "Kovalevsky, Stanislav"]
[BlackFideId "13508598"]
[WhiteElo "2598"]
[BlackElo "2112"]
[Result "0-1"]
[Round "4"]
[TimeControl "180+2"]
[Date "2023.06.20"]
[WhiteClock "0:00:13"]
[BlackClock "0:00:08"]
[Board "100"]

1. e4 e6 2. d4 d5 3. Nd2 dxe4 4. Nxe4 Nf6 5. Nxf6+ gxf6 6. g3 Bd7 7. Bg2 Bc6 8. Nf3 h5 9. O-O Qd5 10. b3 Be7 11. c4 Qf5 12. Re1 h4 13. Nxh4 Rxh4 14. Bxc6+ Nxc6 15. gxh4 O-O-O 16. Re3 Nxd4 17. Qd3 Qg4+ 18. Kf1 Nf5 19. Qc2 Nxe3+ 20. Bxe3 Qh3+ 21. Ke2 Qxh4 22. Bxa7 Qh5+ 23. Kf1 Qxh2 24. Re1 Bb4 25. Rc1 Rd2 26. Qe4 Qh3+ 27. Kg1 Rd8 28. Qg2 Qh7 29. Kf1 Rg8 30. Qf3 Qh2 31. Rd1 Qe5 32. Be3 f5 33. c5 Qe4 34. Qxe4 fxe4 35. c6 bxc6 36. Rd4 c5 37. Rxe4 Kd7 38. Bc1 f5 39. Rh4 Kd6 40. a3 Ba5 41. Bf4+ e5 42. Be3 Bb6 43. Rh6+ Kd5 44. Ke2 f4 45. Bd2 c4 46. bxc4+ Kxc4 47. Rc6+ Kd5 48. Rc2 Rg2 49. Kf3 Rxf2+ 50. Kg4 Re2 51. Kf3 Rf2+ 52. Kg4 Be3 53. Bxe3 Rxc2 54. Ba7 Ra2 55. Bb8 Rxa3 56. Bxc7 Rg3+ 57. Kf5 f3 58. Bxe5 Rg2 59. Bg3 f2 60. Bxf2 Rxf2+ 61. Kg4 Ke4 62. Kg3 Rf4 63. Kh3 Kf3 64. Kh2 Rg4 65. Kh3 Rg8 66. Kh4 Rg3 67. Kh5 Kf4 68. Kh4 Rg2 69. Kh3 Rg4 70. Kh2 Kf3 71. Kh3 Rf4 72. Kh2 Rf7 73. Kh3 Rh7# 0-1


[Site "https://www.chess.com"]

[Event "Titled Tuesday Blitz June 20 Late 2023"]
[White "Fishbein, Alexander"]
[Black "Omariev, Maksim"]
[WhiteFideId "2000377"]
[BlackFideId "4193423"]
[WhiteElo "2403"]
[BlackElo "2408"]
[Result "1-0"]
[Round "4"]
[TimeControl "180+2"]
[Date "2023.06.20"]
[WhiteClock "0:00:55"]
[BlackClock "0:00:00"]
[Board "101"]

1. e4 c5 2. Nf3 d6 3. c3 Nf6 4. Be2 Nbd7 5. Qc2 b6 6. d4 cxd4 7. Nxd4 Bb7 8. f3 e5 9. Nf5 d5 10. exd5 Nxd5 11. O-O g6 12. Nh6 f5 13. Nxf5 gxf5 14. Qxf5 Qf6 15. Qh5+ Qg6 16. Qxg6+ hxg6 17. Bd3 Kf7 18. h3 Bc5+ 19. Kh2 Nf4 20. Bc4+ Kg7 21. Nd2 Nf6 22. Nb3 Bd6 23. Rd1 Rad8 24. Bxf4 exf4 25. Nd4 Bc8 26. Nc6 Rd7 27. Be6 Bc5 28. Bxd7 Bxd7 29. Ne5 Bf5 30. Nd3 Be3 31. Nb4 a5 32. Nd5 Nxd5 33. Rxd5 Kf6 34. Rad1 Rc8 35. a3 Kg5 36. g4 1-0


[Site "https://www.chess.com"]

[Event "Titled Tuesday Blitz June 20 Late 2023"]
[White "MKlose11"]
[Black "Wang, Isaac"]
[BlackFideId "30977185"]
[WhiteElo "2595"]
[BlackElo "2385"]
[Result "0-1"]
[Round "4"]
[TimeControl "180+2"]
[Date "2023.06.20"]
[WhiteClock "0:01:11"]
[BlackClock "0:00:25"]
[Board "102"]

1. e4 c5 2. Nc3 d6 3. g3 Nc6 4. Bg2 g6 5. d3 Bg7 6. Be3 Rb8 7. Qd2 b5 8. Nge2 b4 9. Nd1 a5 10. O-O e6 11. h3 Nge7 12. Bh6 O-O 13. Bxg7 Kxg7 14. Ne3 Nd4 15. f4 f5 16. Rad1 Nxe2+ 17. Qxe2 Ba6 18. Qd2 fxe4 19. Bxe4 d5 20. Bg2 Qd6 21. Ng4 Nc6 22. Rde1 h5 23. Ne5 Nxe5 24. Rxe5 Rf6 25. Rfe1 Rbf8 26. h4 c4 27. d4 a4 28. Bh3 Bc8 29. Kh2 Bd7 30. c3 bxc3 31. bxc3 a3 32. Rb1 Rb8 33. Ree1 Rff8 34. Qe3 Rxb1 35. Rxb1 Rb8 36. Rxb8 Qxb8 37. Bxe6 Qb2+ 38. Kh3 Qb1 39. Qe5+ Kh7 40. Kh2 Qxa2+ 41. Kh3 Qb1 42. Kh2 Qc2+ 43. Kh3 Bxe6+ 44. Qxe6 Qf5+ 0-1


[Site "https://www.chess.com"]

[Event "Titled Tuesday Blitz June 20 Late 2023"]
[White "Piesik, Piotr"]
[Black "Avalos Parra, Joao"]
[WhiteFideId "1136194"]
[BlackFideId "3402541"]
[WhiteElo "2303"]
[BlackElo "2173"]
[Result "1-0"]
[Round "4"]
[TimeControl "180+2"]
[Date "2023.06.20"]
[WhiteClock "0:00:19"]
[BlackClock "0:00:19"]
[Board "103"]

1. Nf3 d5 2. g3 Nf6 3. Bg2 c5 4. O-O e6 5. d3 Nc6 6. Nbd2 Be7 7. e4 O-O 8. Re1 b5 9. e5 Nd7 10. Nf1 Bb7 11. c3 Qc7 12. Bf4 Rfc8 13. h4 Qd8 14. h5 h6 15. g4 a5 16. Qd2 Qf8 17. g5 hxg5 18. Bxg5 a4 19. a3 Na5 20. Qf4 Nb3 21. Rad1 d4 22. c4 bxc4 23. dxc4 Bxg5 24. Nxg5 Bxg2 25. Kxg2 Qe7 26. Ng3 Nf8 27. Rd3 Na5 28. Rf3 Ra7 29. Rc1 Nc6 30. N5e4 Nd8 31. Nd6 Rb8 32. Rh1 Rd7 33. h6 g5 34. Qe4 Nh7 35. Nh5 f5 36. Nxf5 exf5 37. Qxf5 Rb6 38. Nf6+ Nxf6 39. exf6 Qh7 40. Qxg5+ Kh8 41. Qg7+ Qxg7+ 42. hxg7+ Kg8 43. Rh8+ Kf7 44. g8=Q# 1-0


[Site "https://www.chess.com"]

[Event "Titled Tuesday Blitz June 20 Late 2023"]
[White "WindWhistler11"]
[Black "zano2023"]
[WhiteElo "2554"]
[BlackElo "2199"]
[Result "1-0"]
[Round "4"]
[TimeControl "180+2"]
[Date "2023.06.20"]
[WhiteClock "0:00:04"]
[BlackClock "0:00:05"]
[Board "104"]

1. Nf3 d6 2. c4 e5 3. g3 Nf6 4. Bg2 Be7 5. O-O O-O 6. Nc3 Re8 7. b4 Nbd7 8. Bb2 Nf8 9. d4 Ng6 10. Qc2 c6 11. Rad1 Qc7 12. c5 Bf8 13. cxd6 Bxd6 14. a3 exd4 15. Nxd4 Be5 16. Qb1 Bd7 17. Nb3 Rad8 18. Rc1 Qb8 19. Nc5 Bc8 20. f4 Bxc3 21. Bxc3 Nd5 22. e4 Nxc3 23. Rxc3 b6 24. Nd3 Qd6 25. Nf2 Qd4 26. Rxc6 Bb7 27. Rc7 Ba6 28. Rd1 Qe3 29. Re1 Qd4 30. Qb3 Re7 31. Rxe7 Nxe7 32. b5 Bb7 33. Rd1 1-0


[Site "https://www.chess.com"]

[Event "Titled Tuesday Blitz June 20 Late 2023"]
[White "Sreyas Payyappat"]
[Black "Torres Dominguez, David"]
[WhiteFideId "46674969"]
[BlackFideId "2220857"]
[WhiteElo "2043"]
[BlackElo "1999"]
[Result "1-0"]
[Round "4"]
[TimeControl "180+2"]
[Date "2023.06.20"]
[WhiteClock "0:00:15"]
[BlackClock "0:00:08"]
[Board "105"]

1. e4 e5 2. Nf3 Nc6 3. Bc4 Bc5 4. c3 Nf6 5. d4 exd4 6. e5 d5 7. Bb5 Ne4 8. cxd4 Bb6 9. Nc3 O-O 10. Be3 Bg4 11. h3 Bh5 12. Qc2 Bg6 13. Qb3 Ne7 14. O-O c6 15. Bd3 Nxc3 16. Qxc3 Bxd3 17. Qxd3 Ng6 18. Ng5 Qd7 19. f4 h6 20. f5 hxg5 21. fxg6 fxg6 22. Qxg6 Qe7 23. Kh1 Rxf1+ 24. Rxf1 Rf8 25. Rxf8+ Qxf8 26. Qxg5 Qb4 27. Qf4 Qxb2 28. e6 Qb1+ 29. Kh2 Qe4 30. Qf7+ Kh7 31. e7 Bc7+ 32. Kh1 Qxe3 33. Qh5+ 1-0


[Site "https://www.chess.com"]

[Event "Titled Tuesday Blitz June 20 Late 2023"]
[White "FuenfgegenWilly"]
[Black "Bluebaum, Matthias"]
[BlackFideId "24651516"]
[WhiteElo "2418"]
[BlackElo "2639"]
[Result "0-1"]
[Round "4"]
[TimeControl "180+2"]
[Date "2023.06.20"]
[WhiteClock "0:00:03"]
[BlackClock "0:02:13"]
[Board "106"]

1. d4 d5 2. c4 e6 3. Nc3 Bb4 4. cxd5 exd5 5. Nf3 Nf6 6. Bg5 h6 7. Bh4 O-O 8. e3 Bf5 9. Bd3 Bxd3 10. Qxd3 Nbd7 11. O-O c6 12. a3 Bd6 13. b4 a6 14. Rab1 Re8 15. Nd2 Qc7 16. Bg3 Bxg3 17. hxg3 h5 18. a4 Qd6 19. Qf5 g6 20. Qf4 Qe7 21. b5 axb5 22. axb5 Nf8 23. bxc6 bxc6 24. Nf3 Ne6 25. Qh4 Kg7 26. Ng5 Ng4 27. Nxe6+ Qxe6 28. Rb7 Qf5 29. Ne2 Rab8 30. Rxb8 Rxb8 31. Qe7 Rb1 32. Nf4 Rxf1+ 33. Kxf1 Qb1+ 34. Ke2 Qc2+ 35. Ke1 Qxf2+ 36. Kd1 Nxe3+ 0-1


[Site "https://www.chess.com"]

[Event "Titled Tuesday Blitz June 20 Late 2023"]
[White "Licznerski, Lukasz"]
[Black "Chabris, Christopher"]
[WhiteFideId "1179250"]
[BlackFideId "2005263"]
[WhiteElo "2453"]
[BlackElo "2412"]
[Result "1-0"]
[Round "4"]
[TimeControl "180+2"]
[Date "2023.06.20"]
[WhiteClock "0:00:05"]
[BlackClock "0:00:00"]
[Board "107"]

1. e4 e5 2. Nf3 Nc6 3. Bb5 a6 4. Bxc6 dxc6 5. O-O Bg4 6. h3 h5 7. d3 Qf6 8. Be3 Bxf3 9. Qxf3 Qxf3 10. gxf3 Bd6 11. Nd2 Ne7 12. Rfb1 f5 13. Nc4 f4 14. Bd2 g5 15. Kf1 Kd7 16. Ke2 Rag8 17. Rg1 c5 18. a3 Nc6 19. c3 b5 20. Nxd6 Kxd6 21. b4 Rg6 22. bxc5+ Kxc5 23. a4 Rd8 24. axb5 axb5 25. Ra6 b4 26. Rb1 g4 27. hxg4 hxg4 28. fxg4 Rxg4 29. Ra2 bxc3 30. Bxc3 Rg2 31. Rc1 Kd6 32. Ra6 Kd7 33. Rxc6 Kxc6 34. Bxe5+ Kb5 35. Bxc7 Rc8 36. Rb1+ Kc6 37. Bxf4 Ra8 38. Rb2 Ra1 39. Rc2+ Kd7 40. Bg3 Rgg1 41. Kf3 Rad1 42. Ke3 Rge1+ 43. Kd4 Ke6 44. f4 Rg1 45. f5+ Kf7 46. Be5 Rh1 47. Rc7+ Ke8 48. Rc3 1-0


[Site "https://www.chess.com"]

[Event "Titled Tuesday Blitz June 20 Late 2023"]
[White "Spaqi, Wilson"]
[Black "Xu, Yi"]
[WhiteFideId "2053888"]
[BlackFideId "8605564"]
[WhiteElo "2410"]
[BlackElo "2460"]
[Result "0-1"]
[Round "4"]
[TimeControl "180+2"]
[Date "2023.06.20"]
[WhiteClock "0:01:11"]
[BlackClock "0:01:31"]
[Board "108"]

1. d4 Nf6 2. Bf4 d5 3. e3 Bf5 4. Bd3 e6 5. Bxf5 exf5 6. Nf3 Bd6 7. O-O O-O 8. c4 dxc4 9. Qc2 Bxf4 10. exf4 g6 11. Qxc4 Nbd7 12. Ne5 Nb6 13. Qd3 Nbd5 14. g3 Re8 15. Nc3 c6 16. Rfe1 Qb6 17. Re2 Rad8 18. Rae1 Nb4 19. Qc4 Nfd5 20. a3 Na6 21. Nxd5 Rxd5 22. Nd7 Rxe2 23. Qxe2 Qd8 24. Qe7 Rxd7 0-1


[Site "https://www.chess.com"]

[Event "Titled Tuesday Blitz June 20 Late 2023"]
[White "Sivakumar, Shaaketh"]
[Black "Goltsev, Dmitry"]
[WhiteFideId "30940176"]
[BlackFideId "24176710"]
[WhiteElo "2174"]
[BlackElo "2356"]
[Result "1-0"]
[Round "4"]
[TimeControl "180+2"]
[Date "2023.06.20"]
[WhiteClock "0:01:04"]
[BlackClock "0:00:10"]
[Board "109"]

1. d4 Nf6 2. Bf4 e6 3. e3 b6 4. Nd2 Bb7 5. Ngf3 d6 6. Bd3 Nbd7 7. Qe2 a6 8. e4 g6 9. h3 Bg7 10. O-O O-O 11. e5 dxe5 12. dxe5 Nd5 13. Bg3 Nc5 14. Ne4 Nxd3 15. cxd3 h6 16. Bh4 g5 17. Nfxg5 hxg5 18. Nxg5 Nf4 19. Qg4 Qd5 20. Ne4 Ng6 21. Bf6 Qxd3 22. Rae1 Bxe4 23. Rxe4 Qd2 24. h4 Qh6 25. h5 Nxe5 26. Bxe5 c5 27. Bf4 Qh7 28. h6 f5 29. Qxg7+ Qxg7 30. hxg7 fxe4 31. gxf8=Q+ Kxf8 32. Re1 Rd8 33. Rxe4 Rd1+ 34. Kh2 Kf7 35. Kg3 b5 36. Be3 c4 37. Rf4+ Ke7 38. Rh4 Rb1 39. Bd4 Kd6 40. Bc3 a5 41. a3 Kc6 42. Re4 b4 43. axb4 axb4 44. Rxc4+ Kd5 45. Rxb4 e5 46. Rb5+ Kc4 47. Rxe5 Kd3 48. Kf3 Rh1 49. g4 Rh7 50. g5 Kc4 51. Kg4 Rd7 52. g6 Kd3 53. Re3+ Kc2 54. g7 Rd8 55. Rf3 Kb3 56. Rf8 Rd3 57. g8=Q+ Kc2 58. Qg6 Kc1 59. Qg5+ Kc2 60. Qe3 Rd1 61. Qe2+ Kc1 62. Qxd1+ Kxd1 63. b4 Ke2 64. Bd2 Kf1 65. b5 Kg2 66. b6 Kh1 67. b7 Kg2 68. b8=Q Kh1 69. Rh8+ Kg1 70. Qh2+ Kf1 71. Qh1+ Kxf2 72. Qf3+ Kg1 73. Rh1# 1-0


[Site "https://www.chess.com"]

[Event "Titled Tuesday Blitz June 20 Late 2023"]
[White "Ladan, Nicholas"]
[Black "Raja Rithvik R"]
[WhiteFideId "30918855"]
[BlackFideId "35007394"]
[WhiteElo "2167"]
[BlackElo "2395"]
[Result "0-1"]
[Round "4"]
[TimeControl "180+2"]
[Date "2023.06.20"]
[WhiteClock "0:00:00"]
[BlackClock "0:01:32"]
[Board "110"]

1. d4 Nf6 2. Nf3 d5 3. Bf4 c5 4. e3 Nc6 5. Nbd2 e6 6. c3 Bd6 7. Bg3 O-O 8. Bd3 b6 9. Qe2 Bb7 10. Rd1 h6 11. e4 Bxg3 12. hxg3 dxe4 13. Nxe4 cxd4 14. Nxf6+ Qxf6 15. Qe4 Rfd8 16. g4 Kf8 17. cxd4 Rab8 18. Qe3 Nxd4 19. Nxd4 Qxd4 20. Qxd4 Rxd4 21. O-O Rbd8 22. Be2 Rd2 23. Rxd2 Rxd2 24. Bf3 Bxf3 25. gxf3 Rxb2 26. Rc1 Rxa2 27. Rc7 a5 28. Rb7 Rb2 29. Kg2 a4 30. Ra7 b5 31. f4 Rb3 32. f5 exf5 33. gxf5 a3 34. f3 b4 35. Kg3 Rb2 36. Kf4 a2 37. Ke5 b3 38. f6 Re2+ 39. Kf5 gxf6 40. Kxf6 Re6+ 41. Kf5 b2 0-1


[Site "https://www.chess.com"]

[Event "Titled Tuesday Blitz June 20 Late 2023"]
[White "dodoucb"]
[Black "Lin, Dachey"]
[BlackFideId "2029650"]
[WhiteElo "2405"]
[BlackElo "2313"]
[Result "0-1"]
[Round "4"]
[TimeControl "180+2"]
[Date "2023.06.20"]
[WhiteClock "0:00:02"]
[BlackClock "0:01:58"]
[Board "111"]

1. e4 g6 2. d4 Bg7 3. Nf3 c6 4. Nc3 d5 5. e5 Bg4 6. Be2 e6 7. h3 Bxf3 8. Bxf3 Nd7 9. Be3 Ne7 10. g4 c5 11. dxc5 Nxe5 12. Bg2 N7c6 13. O-O d4 14. Ne4 dxe3 15. Nd6+ Ke7 16. fxe3 Qa5 17. Nxb7 Qc7 18. Nd6 Rhd8 19. c3 a5 20. a3 a4 21. Rf4 Ra5 22. Rxa4 Rxc5 23. Qc1 Qxd6 0-1


[Site "https://www.chess.com"]

[Event "Titled Tuesday Blitz June 20 Late 2023"]
[White "Fiorito, Joaquin"]
[Black "i_like_explosions"]
[WhiteFideId "180173"]
[WhiteElo "2199"]
[BlackElo "2405"]
[Result "1-0"]
[Round "4"]
[TimeControl "180+2"]
[Date "2023.06.20"]
[WhiteClock "0:02:06"]
[BlackClock "0:01:31"]
[Board "112"]

1. d4 Nf6 2. c4 e6 3. Nc3 Bb4 4. e3 O-O 5. Bd2 c5 6. a3 Bxc3 7. Bxc3 b6 8. b4 cxd4 9. exd4 d5 10. c5 Ne4 11. Bb2 bxc5 12. dxc5 a5 13. b5 Nd7 14. c6 Ndc5 15. Rc1 a4 16. Qd4 Qf6 17. Qxf6 gxf6 18. f3 Nb3 19. fxe4 Nxc1 20. Bxc1 dxe4 21. b6 Rb8 22. Be3 e5 23. Bb5 f5 24. g3 Be6 25. Ne2 Bd5 26. Kf2 Rfc8 27. Rc1 Kf8 28. Rc5 Be6 29. Rxe5 Ke7 30. Nf4 Kd6 31. Bd4 Rxb6 32. Rxe6+ fxe6 33. Bxb6 e5 34. Ne2 Rxc6 35. Bxc6 Kxc6 36. Bd8 Kd5 37. Ke3 Kc4 38. Be7 h5 39. Ng1 Kd5 40. Nh3 Kc4 41. Ng5 Kd5 42. Bb4 Kc4 43. Nxe4 fxe4 44. Kxe4 1-0


[Site "https://www.chess.com"]

[Event "Titled Tuesday Blitz June 20 Late 2023"]
[White "Buchenau, Frank"]
[Black "Adewumi, Tanitoluwa"]
[WhiteFideId "4604350"]
[BlackFideId "30966396"]
[WhiteElo "2157"]
[BlackElo "2666"]
[Result "1/2-1/2"]
[Round "4"]
[TimeControl "180+2"]
[Date "2023.06.20"]
[WhiteClock "0:00:03"]
[BlackClock "0:00:04"]
[Board "113"]

1. e4 c5 2. Nf3 e6 3. d4 cxd4 4. Nxd4 Nc6 5. Nc3 Qc7 6. Be3 a6 7. Bd3 b5 8. Nxc6 Qxc6 9. a4 b4 10. Nb1 Bb7 11. Nd2 Nf6 12. O-O Bc5 13. Qe2 Bxe3 14. Qxe3 O-O 15. f4 Rac8 16. Qd4 Qc5 17. Qxc5 Rxc5 18. e5 Nd5 19. Ne4 Rc7 20. Nd6 Ba8 21. a5 h6 22. Rf2 f6 23. exf6 Nxf6 24. Ra4 Rb8 25. Rd2 Nd5 26. g3 Bc6 27. Ra1 Ba8 28. f5 Rc6 29. Nc4 Rc5 30. fxe6 dxe6 31. Re1 Rbc8 32. Rxe6 Bb7 33. b3 Nc3 34. Rf2 Bd5 35. Re7 Rf8 36. Rxf8+ Kxf8 37. Ra7 Bxc4 38. Bxc4 Rxa5 39. Rxa6 Re5 40. Re6 Rc5 41. Re1 g5 42. Kf2 Kg7 43. Ke3 Re5+ 44. Kd2 Kf6 45. Rxe5 Kxe5 46. Ke3 Nd1+ 47. Ke2 Nc3+ 48. Ke3 h5 49. Kf3 Nd1 50. Ke2 Nc3+ 51. Kd3 h4 52. Ke3 Nd1+ 53. Ke2 Nc3+ 54. Ke3 Ne4 55. gxh4 gxh4 56. Kf3 Nf6 57. Bd3 Kd4 58. Kf4 Kc3 59. Kg5 Nd5 60. Kxh4 Nf4 61. Bf5 Nd5 62. Kg5 Ne3 63. Bg6 Nxc2 64. h4 Kxb3 65. h5 Kc3 66. Bf7 Nd4 67. h6 Nf3+ 68. Kf6 Nd4 69. h7 b3 70. Bxb3 Nxb3 71. h8=Q Nd4 72. Qh3+ Kc4 73. Qe3 Kd5 74. Kg5 Ne6+ 75. Kf6 Nd4 76. Qe5+ Kc4 77. Kg6 Kd3 78. Qd6 Ke4 79. Kf6 Nf3 80. Qe7+ Kf4 81. Qe6 Kg3 82. Qd6+ Kg4 83. Qd1 Kf4 84. Ke6 Ke3 85. Qc1+ Ke4 86. Qc5 Nd4+ 87. Kf7 Nf5 88. Qc8 Nd6+ 89. Ke6 Nxc8 1/2-1/2


[Site "https://www.chess.com"]

[Event "Titled Tuesday Blitz June 20 Late 2023"]
[White "Garcia Ramos, Daniel"]
[Black "Slavin, Alexey"]
[WhiteFideId "32010311"]
[BlackFideId "24104388"]
[WhiteElo "2341"]
[BlackElo "2264"]
[Result "1/2-1/2"]
[Round "4"]
[TimeControl "180+2"]
[Date "2023.06.20"]
[WhiteClock "0:01:45"]
[BlackClock "0:00:06"]
[Board "115"]

1. e4 Nc6 2. Nf3 d6 3. d4 Nf6 4. Nc3 Bg4 5. Be3 a6 6. Qd2 e5 7. d5 Ne7 8. Ng1 Ng6 9. h3 Bd7 10. Nge2 Be7 11. g3 h6 12. Bg2 Qc8 13. a4 O-O 14. f4 exf4 15. Nxf4 Ne5 16. Qe2 b5 17. axb5 axb5 18. Rxa8 Qxa8 19. O-O b4 20. Nb1 Qa5 21. Nd2 Bb5 22. Qf2 Bxf1 23. Qxf1 Ra8 24. Nb3 Qa6 25. Qd1 Qc4 26. Nd4 Qa6 27. Nf5 Bf8 28. Bf1 Qa1 29. Qe2 Qxb2 30. Bd4 Qc1 31. Bxe5 dxe5 32. Nd3 Qb1 33. Nxe5 Ra2 34. Ng4 Nxg4 35. hxg4 Qxc2 36. Qxc2 Rxc2 37. Nd4 Rd2 38. Nb3 Rb2 39. Na5 Rb1 40. Kf2 b3 41. Bd3 Bc5+ 42. Ke2 Rb2+ 43. Kd1 Bb4 44. Nc4 Rg2 45. e5 b2 46. d6 cxd6 47. exd6 Rxg3 48. Bb1 Rxg4 49. Nxb2 Rd4+ 50. Ke2 Rxd6 51. Nc4 Re6+ 52. Kf3 Bc5 53. Bf5 Rf6 54. Kg4 g6 55. Be4 h5+ 56. Kg5 Rf2 57. Ne5 Kg7 58. Nf3 Be3+ 59. Kh4 f5 60. Bd5 Kh6 61. Kg3 Rb2 62. Ne5 f4+ 63. Kf3 Rf2+ 64. Ke4 h4 65. Ng4+ Kg5 66. Nxf2 Bxf2 67. Be6 Be3 68. Bc8 Kh5 69. Kf3 g5 70. Bf5 Bc1 71. Bc8 Kg6 72. Kg4 Kf6 73. Bd7 Be3 74. Bc8 Bc5 75. Bd7 Ke7 76. Kxg5 Kxd7 77. Kxf4 Be7 78. Kg4 Ke6 79. Kh3 Ke5 80. Kg2 Kf4 81. Kh1 Kg3 82. Kg1 h3 83. Kh1 h2 1/2-1/2


[Site "https://www.chess.com"]

[Event "Titled Tuesday Blitz June 20 Late 2023"]
[White "Ladron De Guevara Pinto, Paolo"]
[Black "ArtemDyachuk"]
[WhiteFideId "2290847"]
[WhiteElo "2398"]
[BlackElo "2595"]
[Result "1-0"]
[Round "4"]
[TimeControl "180+2"]
[Date "2023.06.20"]
[WhiteClock "0:00:09"]
[BlackClock "0:00:01"]
[Board "116"]

1. Nf3 Nf6 2. g3 b5 3. Bg2 Bb7 4. O-O c5 5. d3 d5 6. Nbd2 e6 7. e4 Be7 8. Re1 O-O 9. e5 Nfd7 10. Nf1 Nc6 11. h4 Qc7 12. Bf4 a5 13. h5 c4 14. h6 g6 15. d4 b4 16. Ne3 a4 17. Nxd5 exd5 18. e6 Bd6 19. Bxd6 Qxd6 20. exd7 Qxd7 21. Qd2 Qd6 22. Ne5 f6 23. Nxc6 Bxc6 24. a3 Rab8 25. axb4 Qxb4 26. Qf4 Rfe8 27. Rxe8+ Rxe8 28. Qxf6 Qb7 29. Rxa4 Rf8 30. Qe6+ Kh8 31. Qe5+ Kg8 32. Ra6 Rf5 33. Ra8+ Kf7 34. Qg7+ Ke6 35. Ra7 Qb6 36. Qe7# 1-0


[Site "https://www.chess.com"]

[Event "Titled Tuesday Blitz June 20 Late 2023"]
[White "Fernandez, Maria Florencia"]
[Black "Bjelobrk, Igor"]
[WhiteFideId "116459"]
[BlackFideId "4300726"]
[WhiteElo "2074"]
[BlackElo "2319"]
[Result "0-1"]
[Round "4"]
[TimeControl "180+2"]
[Date "2023.06.20"]
[WhiteClock "0:00:00"]
[BlackClock "0:00:16"]
[Board "117"]

1. d4 e6 2. c4 f5 3. Nc3 Nf6 4. Nf3 b6 5. g3 Bb7 6. Bg2 Bb4 7. Qc2 O-O 8. O-O Qe8 9. a3 Bxc3 10. Qxc3 Ne4 11. Qc2 Nc6 12. b4 a5 13. b5 Ne7 14. a4 Rb8 15. Ba3 d6 16. Rfc1 Rf6 17. Nd2 Nxd2 18. Qxd2 Bxg2 19. Kxg2 Rh6 20. c5 dxc5 21. dxc5 Nd5 22. Rc4 Rd8 23. Rd4 f4 24. g4 Qg6 25. h3 Qf6 26. Rd1 Qh4 27. Rh1 Rg6 28. Kf1 Rxg4 29. Ke1 Qxh3 30. Rf1 Qxa3 0-1


[Site "https://www.chess.com"]

[Event "Titled Tuesday Blitz June 20 Late 2023"]
[White "Arnold, Ken"]
[Black "Janaszak, Dawid"]
[WhiteFideId "2056836"]
[BlackFideId "1119206"]
[WhiteElo "2395"]
[BlackElo "2220"]
[Result "0-1"]
[Round "4"]
[TimeControl "180+2"]
[Date "2023.06.20"]
[WhiteClock "0:00:02"]
[BlackClock "0:00:15"]
[Board "118"]

1. d4 d5 2. c4 e6 3. Nf3 c5 4. cxd5 exd5 5. Nc3 Nc6 6. Bf4 cxd4 7. Nxd4 Nf6 8. e3 Bd6 9. Bxd6 Qxd6 10. Be2 O-O 11. O-O Re8 12. Rc1 a6 13. Na4 Ne5 14. Qc2 b5 15. Qc5 Qxc5 16. Nxc5 Nc4 17. b3 Nd6 18. Rc2 Kf8 19. Rfc1 g6 20. h3 h5 21. Bf3 a5 22. Nd3 a4 23. Nf4 axb3 24. axb3 Re5 25. Nxb5 Bf5 26. Rc5 Nxb5 27. Rxb5 Rd8 28. Rd1 g5 29. Nxh5 Ne4 30. Bxe4 Bxe4 31. Ng3 Bg6 32. Rd4 f6 33. Rb7 Re7 34. Rxe7 Kxe7 35. Rd2 Ke6 36. f3 Rb8 37. Rb2 Ke5 38. Ne2 f5 39. b4 f4 40. Kf2 Bd3 41. exf4+ gxf4 42. Nc3 Bc4 43. b5 d4 44. Ne4 Rxb5 45. Rxb5+ Bxb5 46. g4 fxg3+ 47. Kxg3 d3 48. Nd2 Kd4 49. Kf4 Be8 50. h4 Bh5 51. Ne4 Bg6 52. Nf2 d2 53. Nd1 Kd3 54. Ne3 Ke2 55. h5 Bxh5 56. Ke4 Bxf3+ 57. Kd4 Bc6 0-1


[Site "https://www.chess.com"]

[Event "Titled Tuesday Blitz June 20 Late 2023"]
[White "Mazurkiewicz, Michal"]
[Black "Fiorito, Francisco"]
[WhiteFideId "1124943"]
[BlackFideId "180165"]
[WhiteElo "2063"]
[BlackElo "2319"]
[Result "0-1"]
[Round "4"]
[TimeControl "180+2"]
[Date "2023.06.20"]
[WhiteClock "0:00:00"]
[BlackClock "0:01:08"]
[Board "119"]

1. e4 c5 2. Nf3 Nc6 3. g3 g6 4. Bg2 Bg7 5. O-O d6 6. d3 e5 7. Nc3 Nf6 8. Nd2 O-O 9. Nc4 Rb8 10. a4 b6 11. Nd5 Nxd5 12. exd5 Ne7 13. c3 Bb7 14. Ne3 f5 15. f4 exf4 16. gxf4 Kh8 17. Bd2 Qe8 18. a5 b5 19. a6 Ba8 20. Qf3 Qf7 21. Rae1 Ng8 22. Re2 Nf6 23. Rfe1 Rfe8 24. b4 cxb4 25. cxb4 Rbc8 26. Bc1 Nh5 27. Kh1 Bd4 28. Bb2 Bxb2 29. Rxb2 Kg7 30. Rbe2 Nf6 31. Qg3 Kf8 32. Qh4 Ng8 33. Rf1 Re7 34. Qe1 Rce8 35. Qd2 Qf6 36. Rfe1 Qd4 37. Qc1 Qxf4 38. Qc3 Qe5 39. Qxe5 Rxe5 40. d4 R5e7 41. Bf3 Nf6 42. Kg1 f4 43. Ng4 Nxg4 44. Bxg4 Rxe2 45. Rxe2 Bxd5 46. Kf2 Rxe2+ 47. Kxe2 Ke7 48. Bc8 g5 49. Bb7 Bc4+ 50. Kf3 h5 51. h3 Bd3 52. Bc6 Kf6 53. Be4 Bxe4+ 54. Kxe4 d5+ 55. Kxd5 f3 56. Kc6 f2 57. Kb7 f1=Q 58. Kxa7 Qd3 59. Kb7 Qxd4 60. a7 Qxb4 61. a8=Q Qe4+ 0-1


[Site "https://www.chess.com"]

[Event "Titled Tuesday Blitz June 20 Late 2023"]
[White "Arias Igual, Alejandro"]
[Black "Maiti, Milind"]
[WhiteFideId "2254905"]
[BlackFideId "2090767"]
[WhiteElo "2179"]
[BlackElo "2150"]
[Result "1/2-1/2"]
[Round "4"]
[TimeControl "180+2"]
[Date "2023.06.20"]
[WhiteClock "0:00:06"]
[BlackClock "0:00:09"]
[Board "120"]

1. e4 c5 2. Nf3 e6 3. g3 Nc6 4. Bg2 d6 5. O-O Nf6 6. Nc3 Be7 7. d4 cxd4 8. Nxd4 Bd7 9. Re1 Rc8 10. h3 a6 11. a4 O-O 12. Be3 Ne5 13. Nde2 Nc4 14. Bc1 b5 15. axb5 axb5 16. b3 Nb6 17. Bb2 b4 18. Na2 d5 19. exd5 Nbxd5 20. c4 bxc3 21. Nexc3 Bc6 22. Nxd5 Bxd5 23. Nc3 Bxg2 24. Kxg2 Qb6 25. Na4 Qb7+ 26. Qf3 Qxf3+ 27. Kxf3 Rb8 28. Ba3 Rxb3+ 29. Re3 Rxe3+ 30. Kxe3 Nd5+ 31. Kf3 Bxa3 32. Rxa3 g6 33. Nc5 Rc8 34. Ne4 Rc7 35. h4 Kg7 36. Kg2 h6 37. Ra6 f5 38. Nd2 Kf7 39. Nf3 Kf6 40. Nd4 Re7 41. Rc6 Kf7 42. Nf3 e5 43. h5 gxh5 44. Rxh6 Nf6 45. Nh4 f4 46. Nf5 Rd7 47. gxf4 exf4 48. Rh8 Kg6 49. Nh4+ Kg5 50. Nf3+ Kf5 51. Rf8 Rg7+ 52. Kf1 Re7 53. Nh4+ Kg5 54. Nf3+ Kg4 55. Rxf6 Kxf3 56. Rh6 Rc7 57. Kg1 Rc1+ 58. Kh2 Kxf2 59. Rxh5 f3 60. Ra5 Rc2 61. Ra1 Re2 62. Rb1 Re1 63. Rb2+ Kf1 64. Kg3 Re3 65. Rf2+ Ke1 66. Rxf3 Rxf3+ 67. Kxf3 1/2-1/2


[Site "https://www.chess.com"]

[Event "Titled Tuesday Blitz June 20 Late 2023"]
[White "Fernandez Siles, Luis"]
[Black "Pinheiro, Iung Alicio de O."]
[WhiteFideId "2209420"]
[BlackFideId "2104350"]
[WhiteElo "2195"]
[BlackElo "2283"]
[Result "0-1"]
[Round "4"]
[TimeControl "180+2"]
[Date "2023.06.20"]
[WhiteClock "0:00:08"]
[BlackClock "0:00:23"]
[Board "121"]

1. e4 c5 2. Nf3 Nc6 3. c3 e6 4. d4 d5 5. e5 Bd7 6. a3 cxd4 7. cxd4 Nge7 8. b4 Nf5 9. Be3 f6 10. exf6 gxf6 11. Bd3 Nxe3 12. fxe3 f5 13. O-O Bd6 14. b5 Ne7 15. Ng5 Ng6 16. Qh5 Qf6 17. Nc3 O-O-O 18. a4 Kb8 19. a5 Rdg8 20. Nf3 Be8 21. Qh6 Qf7 22. Na4 Nf8 23. Nc5 Rg6 24. Qh3 Rhg8 25. Ra2 Qg7 26. Nh4 Rh6 27. g3 Qe7 28. Rc2 Rxh4 0-1


[Site "https://www.chess.com"]